 Dungeon Sprint DCSS version 0.15.2 (webtiles) character file.

4 potatolord6000 the Practitioner (level 1, 0/13 HPs)
             Began as a High Elf Healer on Oct 2, 2017.
             Was a Believer of Elyvilon.
             Slain by a gnoll
             ... wielding a +0 club
              (1 damage)
             ... in the Dungeon (Sprint VII: "The Pits").
             The game lasted 00:02:06 (173 turns).

potatolord6000 the Practitioner (High Elf Healer)    Turns: 173, Time: 00:02:06

HP   0/13        AC  3     Str 11      XL: 1   Next: 58%
MP   0/3         EV 13     Int 15      God: Elyvilon [**....]
Gold 0           SH  0     Dex 14      Spells:  0 memorised,  0 levels left

rFire  . . .     SeeInvis .     p - staff of energy (curse)
rCold  . . .     Clarity  .     a - +1 robe
rNeg   . . .     rCorr    .     (no shield)
rPois  .         rRot     .     (no helmet)
rElec  .         Spirit   .     (no cloak)
SustAb .         Warding  .     (no gloves)
rMut   .         NoTele   +     (no boots)
Gourm  .                        (no amulet)
MR     .....                    (no ring)
                                (no ring)

@: lethally poisoned, not resistant to hostile enchantments, unstealthy
A: no striking features
a: Lesser Healing, Lesser Self-Healing, Divine Protection, Purification,
Renounce Religion


You were in the Dungeon.
You worshipped Elyvilon.
Elyvilon was pleased with you.
You were not hungry.

You visited 1 branch

Inventory:

Armour
 a - a +1 robe (worn)
Comestibles
 d - 9 bread rations
 i - 40 fruits
 j - 7 meat rations
Scrolls
 h - a scroll of blinking
 l - 2 scrolls of vulnerability
 m - 3 scrolls of remove curse
 n - 5 scrolls of amnesia
 o - a scroll of summoning
Potions
 b - 2 potions of curing
 c - 2 potions of heal wounds
 e - a potion of haste
 f - 4 potions of magic
 g - 3 potions of berserk rage
 k - 2 potions of invisibility
Magical staves
 p - a cursed staff of energy (weapon)


   Skills:
 + Level 1.6 Fighting
 + Level 2.7 Dodging
 + Level 1.7 Stealth
 + Level 3.6 Invocations


You couldn't memorise any spells.
You didn't know any spells.

Dungeon Overview and Level Annotations

Branches:
Dungeon (1/1)

Altars:
Ashenzari
Cheibriados
Dithmenos
Elyvilon
Fedhas
Kikubaaqudgha
Makhleb
Nemelex Xobeh
Okawaru
Qazlal
Sif Muna
Trog
Vehumet
Xom
Yredelemnul
Zin
The Shining One
Beogh
Jiyva
Lugonu


Message History

The gnoll hits you but does no damage.
You closely miss the gnoll.
The gnoll is heavily wounded.
The giant mite closely misses you. The gnoll hits you with a club.
* * * LOW HITPOINT WARNING * * *
The giant mite barely misses you.
Unknown command.
Unknown command.
You hit the gnoll.
The gnoll is severely wounded.
The gnoll barely misses you.
The giant mite bites you but does no damage.
Unknown command.
You closely miss the gnoll.
The gnoll is severely wounded.
* * * LOW HITPOINT WARNING * * *
You feel sick.
The giant mite bites you but does no damage.
The gnoll hits you with a club.
You die...

#.#####'##############++#
#_#)))'.'..##............
#.#)))#.#.(##......#..#..
#######'#####............
#...........'............
#+#####+#####......#..#..
#.....##............
#####'#####'#####++#
#...g@##.......#
#...s.##.......#
###+####.......#
#...<...# #.......#
#.......# #.......#
#########


You could see a gnoll and a giant mite.

Vanquished Creatures
  A giant eyeball (D)
  A bat (D)
2 creatures vanquished.

Vanquished Creatures (others)
  A jackal (D)
1 creature vanquished.

Grand Total: 3 creatures vanquished

Notes
Turn   | Place    | Note
--------------------------------------------------------------
     0 | D        | potatolord6000, the High Elf Healer, began the quest for the Orb.
     0 | D        | Reached XP level 1. HP: 13/13 MP: 3/3
    54 | D        | Found a basalt altar of Yredelemnul.
    54 | D        | Found a shadowy altar of Dithmenos.
    54 | D        | Found a deep blue altar of Sif Muna.
    54 | D        | Found a burning altar of Makhleb.
    54 | D        | Found a shimmering altar of Xom.
    54 | D        | Found an ancient bone altar of Kikubaaqudgha.
    54 | D        | Found a sparkling altar of Nemelex Xobeh.
    55 | D        | Found a glowing golden altar of the Shining One.
    55 | D        | Found a bloodstained altar of Trog.
    55 | D        | Found a shattered altar of Ashenzari.
    55 | D        | Found a white marble altar of Elyvilon.
    55 | D        | Found a snail-covered altar of Cheibriados.
    55 | D        | Found a blossoming altar of Fedhas.
    55 | D        | Found a radiant altar of Vehumet.
    55 | D        | Found a glowing silver altar of Zin.
    55 | D        | Found a corrupted altar of Lugonu.
    55 | D        | Found a viscous altar of Jiyva.
    55 | D        | Found a roughly hewn altar of Beogh.
    55 | D        | Found an iron altar of Okawaru.
    67 | D        | Found a stormy altar of Qazlal.
    86 | D        | Reached skill level 1 in Stealth
   173 | D        | Slain by a gnoll

Action                   || total
-------------------------++-------
Melee: Staff             ||     9
       Unarmed           ||     1
Invok: Lesser Healing    ||     7
